 Dungeon Sprint DCSS version 0.22-a0-197-g4ac3794 (webtiles) character file.

14420 Lapis the Earth Mage (level 12, -1/120 HPs)
             Began as a Naga Earth Elementalist on Feb 17, 2018.
             Was the Champion of Cheibriados.
             Slain by a deep elf blademaster (14 damage)
             ... in the Dungeon (Sprint III: "The Ten Rune Challenge").
             The game lasted 00:11:36 (3759 turns).

Lapis the Earth Mage (Naga Earth Elementalist)      Turns: 3759, Time: 00:11:37

Health: -1/120     AC:  8    Str: 27    XL:     12   Next: 16%
Magic:  26/29      EV: 10    Int: 34    God:    Cheibriados [******]
Gold:   2461       SH:  7    Dex: 27    Spells: 18/38 levels left

rFire    . . .     SeeInvis +   u - +0 long sword (holy)
rCold    . . .     Gourm    .   x - +0 buckler
rNeg     . . .     Faith    .   A - +2 robe {MR+}
rPois    +         Spirit   .   (no helmet)
rElec    .         Reflect  .   v - +0 cloak
rCorr    .         Harm     .   (no gloves)
MR       ++...     NoTele   +   (no barding)
Stlth    +++.......             (no amulet)
HPRegen  0.30/turn              (no ring)
MPRegen  0.21/turn              (no ring)

@: very slow
A: large, see invisible, deformed body, poison resistance, slowness 2, slow
metabolism 1, spit poison 2, wild magic 1, AC +4
a: Breathe Poison Gas, Bend Time, Temporal Distortion, Slouch, Step From Time,
Renounce Religion


You were in the Dungeon.
You worshipped Cheibriados.
Cheibriados was exalted by your worship.
You were not hungry.

You visited 1 branch You collected 2529 gold pieces.
You spent 68 gold pieces at shops.

Inventory:

Hand Weapons
 a - a +0 short sword
 u - a +0 long sword of holy wrath (weapon)
 w - a +0 scimitar of flaming
Missiles
 b - 7 stones (quivered)
Armour
 c - a +0 robe
 v - a +0 cloak (worn)
 x - a +0 buckler (worn)
 A - a +2 robe of magic resistance (worn)
 C - a +2 robe of fire resistance
Scrolls
 j - 2 scrolls of blinking
 m - a scroll of torment {unknown}
 n - 2 scrolls of remove curse
 p - a scroll of immolation {unknown}
 q - 2 scrolls of identify
 r - a scroll of magic mapping {unknown}
Potions
 e - 2 potions of curing
 g - a potion of haste
 h - a potion of magic
 i - a potion of berserk rage
 l - a potion of mutation
 o - 2 potions of flight {unknown}
 s - 2 potions of might
 t - a potion of ambrosia {unknown}
Books
 k - a book of Geomancy

   Spells                             Type                      Level
   a - Sandblast                      Earth                        1
   b - Passwall                       Transmutation/Earth          2
   c - Stone Arrow                    Conjuration/Earth            3
   d - Petrify                        Transmutation/Earth          4
   e - Lee's Rapid Deconstruction     Earth                        5
 y - a book of Cantrips

   Spells                             Type                      Level
   a - Confusing Touch                Hexes                        1
   b - Animate Skeleton               Necromancy                   1
   c - Summon Small Mammal            Summoning                    1
   d - Apportation                    Translocation                1
 z - a book of Misfortune

   Spells                             Type                      Level
   a - Confusing Touch                Hexes                        1
   b - Confuse                        Hexes                        3
   c - Gell's Gravitas                Translocation                3
   d - Petrify                        Transmutation/Earth          4
   e - Metabolic Englaciation         Hexes/Ice                    5
   f - Yara's Violent Unravelling     Hexes/Transmutation          5
Miscellaneous
 B - a crystal ball of energy
Comestibles
 d - 17 rations


   Skills:
 * Level 11.2 Fighting
 - Level 1.5 Dodging
 - Level 3.0 Stealth
 + Level 6.0 Shields
 + Level 13.9 Spellcasting
 * Level 11.3 Conjurations
 * Level 3.9 Hexes
 + Level 2.9 Transmutations
 + Level 15.9 Earth Magic
 * Level 11.1 Invocations


You had 18 spell levels left.
You knew the following spells:

 Your Spells              Type           Power        Failure   Level  Hunger
a - Sandblast             Erth           ######       1%          1    None
b - Passwall              Tmut/Erth      #######...   1%          2    None
c - Stone Arrow           Conj/Erth      ######       1%          3    None
d - Petrify               Tmut/Erth      #######.     1%          4    None
e - Lee's Rapid Deconstr  Erth           ########..   1%          5    None
f - Yara's Violent Unrav  Hex/Tmut       ######....   17%         5    None


Dungeon Overview and Level Annotations

Branches:
Dungeon (1/1)

Altars:
Cheibriados
Dithmenos
Elyvilon
Fedhas
Gozag
Hepliaklqana
Kikubaaqudgha
Makhleb
Nemelex Xobeh
Okawaru
Qazlal
Ru
Sif Muna
Trog
Uskayaw
Vehumet
Wu Jian
Xom
Yredelemnul
Zin
The Shining One
Beogh
Jiyva
Lugonu

Shops:
D *


Innate Abilities, Weirdness & Mutations

You cannot wear boots.
Your serpentine skin is tough. (AC +4)
You have supernaturally acute eyesight. (SInv)
Armour fits poorly on your strangely shaped body.
Your system is resistant to poisons. (rPois)
You cover ground very slowly.
You have a slow metabolism.
You can exhale a cloud of poison.
Your spells are a little harder to cast, but a little more powerful.


Message History

Unknown command.
Magic courses through your body.
You block the deep elf blademaster's attack. x2
The deep elf blademaster barely misses you.
The deep elf blademaster hits you!
* * * LOW HITPOINT WARNING * * *
Unknown command.
You feel much better.
You block the deep elf blademaster's attack.
The deep elf blademaster hits you!!
* * * LOW HITPOINT WARNING * * *
Unknown command.
Unknown command.
The flow of time bends around you.
Cheibriados rebukes the deep elf blademaster.
The deep elf blademaster seems to slow down.
You feel slightly more hungry. The deep elf blademaster hits you!
* * * LOW HITPOINT WARNING * * *
The deep elf blademaster hits you!
You die...

▓▓▓▓▓▓▓
#.##..##################
#.∩)#..'.#...##.[.......
)))....#.#...##≈≈≈≈.#..#
)))).#.#)#...≈≈≈).)....
))..).##.))..##≈≈≈≈##..#
...#...#..).....@e.|....
).################.#####
#########################
≈§+.#.)...+.#.#.#.+†.†≈≈#
§§#.#.#...##.#.#.##..††≈###
§§#.#.#)..#.#.#.#.#†††≈≈≈≈#
§§#...#...##.#.#.##.†.†≈≈≈#
▓▓▓▓▓▓▓▓▓▓#.#.#.#.#....†..#
....≈≈≈...##.#.#.##.......#


You could see a deep elf blademaster.

Vanquished Creatures
  2 deep elf annihilators (D)
  2 deep elf death magi (D)
  Erica (D)
  A centaur warrior (D)
  2 deep elf knights (D)
  An unseen horror (D)
  6 deep elf magi (D)
  2 spiny frogs (D)
  A rime drake (D)
  A komodo dragon (D)
  A queen bee (D)
  3 wandering mushrooms (D)
  5 blink frogs (D)
  A shadow (D)
  A spatial vortex (D)
  2 orc warriors (D)
  A swamp drake (D)
  A necrophage (D)
  2 centaurs (D)
  An earth elemental (D)
  A water elemental (D)
  32 killer bees (D)
  A jelly (D)
  3 orc priests (D)
  A wizard (D)
  Crazy Yiuf (D)
  Jessica (D)
  A necromancer (D)
  A kobold demonologist (D)
  3 humans (D)
  2 oozes (D)
  12 orcs (D)
  A goblin (D)
  A rat (D)
98 creatures vanquished.

Vanquished Creatures (others)
  2 draconian scorchers (D)
  6 hellions (D)
  2 yaktaurs (D)
10 creatures vanquished.

Grand Total: 108 creatures vanquished

Notes
Turn   | Place    | Note
-------+----------+-------------------------------------------
     0 | D        | Lapis the Naga Earth Elementalist began the quest for the Orb.
     0 | D        | Reached XP level 1. HP: 15/15 MP: 3/3
     6 | D        | Reached skill level 4 in Earth Magic
    56 | D        | Reached XP level 2. HP: 20/22 MP: 3/5
    65 | D        | Learned a level 2 spell: Passwall
    78 | D        | Gained mutation: Your spells are a little harder to cast, but a little more powerful. [potion of mutation]
    78 | D        | Gained mutation: You can exhale a cloud of poison. [potion of mutation]
    87 | D        | Killed a hellion
   102 | D        | Killed a hellion
   102 | D        | Killed a hellion
   103 | D        | Killed a hellion
   114 | D        | Killed a hellion
   125 | D        | Killed a hellion
   159 | D        | Noticed Jessica
   161 | D        | Killed Jessica
   161 | D        | Reached skill level 6 in Earth Magic
   161 | D        | Reached XP level 3. HP: 28/28 MP: 5/8
   164 | D        | Killed a yaktaur
   166 | D        | Learned a level 3 spell: Stone Arrow
   203 | D        | Killed a white draconian scorcher
   215 | D        | Killed a white draconian scorcher
   225 | D        | Noticed Crazy Yiuf
   230 | D        | Killed Crazy Yiuf
   230 | D        | Reached skill level 7 in Earth Magic
   230 | D        | Reached XP level 4. HP: 36/36 MP: 7/10
   277 | D        | Noticed a water elemental
   280 | D        | Killed a water elemental
   280 | D        | Reached skill level 5 in Spellcasting
   280 | D        | Reached skill level 8 in Earth Magic
   280 | D        | Reached XP level 5. HP: 42/42 MP: 8/13
   286 | D        | Learned a level 4 spell: Petrify
   292 | D        | Learned a level 5 spell: Lee's Rapid Deconstruction
   331 | D        | Reached skill level 9 in Earth Magic
   347 | D        | Noticed a shadow
   349 | D        | Killed a shadow
   349 | D        | Reached skill level 10 in Earth Magic
   349 | D        | Reached XP level 6. HP: 42/55 MP: 11/15
   419 | D        | Found a blossoming altar of Fedhas.
   419 | D        | Found a stormy altar of Qazlal.
   419 | D        | Found a snail-covered altar of Cheibriados.
   419 | D        | Found a burning altar of Makhleb.
   419 | D        | Found a shimmering altar of Xom.
   420 | D        | Found a hazy altar of Hepliaklqana.
   420 | D        | Found an opulent altar of Gozag.
   420 | D        | Found a sparkling altar of Nemelex Xobeh.
   420 | D        | Found a corrupted altar of Lugonu.
   420 | D        | Found a viscous altar of Jiyva.
   420 | D        | Noticed a spatial vortex
   422 | D        | Became a worshipper of Cheibriados the Contemplative
   585 | D        | Found a basalt altar of Yredelemnul.
   585 | D        | Found a shadowy altar of Dithmenos.
   585 | D        | Found a sacrificial altar of Ru.
   585 | D        | Noticed a necrophage
   587 | D        | Killed a necrophage
   588 | D        | Reached * piety under Cheibriados
   647 | D        | Found a glowing silver altar of Zin.
   647 | D        | Found a glowing golden altar of the Shining One.
   647 | D        | Found a white marble altar of Elyvilon.
   647 | D        | Noticed a deep elf mage
   650 | D        | Killed a deep elf mage
   650 | D        | Reached skill level 5 in Fighting
   650 | D        | Reached skill level 5 in Conjurations
   650 | D        | Reached skill level 11 in Earth Magic
   650 | D        | Reached XP level 7. HP: 67/67 MP: 5/18
   720 | D        | Found a hide-covered altar of Uskayaw.
   720 | D        | Found a roughly hewn altar of Beogh.
   720 | D        | Found an iron altar of Okawaru.
   720 | D        | Found a bloodstained altar of Trog.
   720 | D        | Found an ornate altar of the Wu Jian Council.
   720 | D        | Noticed a human
   720 | D        | Noticed a human
   723 | D        | Killed a human
   723 | D        | Reached ** piety under Cheibriados
   723 | D        | Reached XP level 8. HP: 74/74 MP: 8/20
   724 | D        | Reached skill level 5 in Invocations
   811 | D        | Found a radiant altar of Vehumet.
   811 | D        | Found a deep blue altar of Sif Muna.
   811 | D        | Found an ancient bone altar of Kikubaaqudgha.
   813 | D        | Reached *** piety under Cheibriados
   918 | D        | Reached skill level 12 in Earth Magic
  1004 | D        | Noticed Erica
  1007 | D        | Killed Erica
  1007 | D        | Reached **** piety under Cheibriados
  1007 | D        | Reached XP level 9. HP: 43/85 MP: 13/22
  1014 | D        | Learned a level 5 spell: Yara's Violent Unravelling
  1188 | D        | Found Peenih's Assorted Antiques.
  1189 | D        | Reached ***** piety under Cheibriados
  1189 | D        | Reached skill level 10 in Spellcasting
  1189 | D        | Reached ****** piety under Cheibriados
  1292 | D        | Bought a potion of might for 68 gold pieces
  1438 | D        | Killed a centaur warrior
  1438 | D        | Reached skill level 13 in Earth Magic
  1513 | D        | Noticed an unseen horror
  1520 | D        | Killed an unseen horror
  1520 | D        | Reached XP level 10. HP: 87/96 MP: 14/25
  1567 | D        | Reached skill level 5 in Shields
  1766 | D        | Reached skill level 14 in Earth Magic
  1944 | D        | Noticed a spiny frog
  1944 | D        | Noticed a spiny frog
  1948 | D        | Killed a spiny frog
  1949 | D        | Killed a spiny frog
  1949 | D        | Reached XP level 11. HP: 83/106 MP: 6/27
  2281 | D        | Noticed a deep elf mage
  2281 | D        | Noticed a deep elf mage
  2281 | D        | Noticed a deep elf mage
  2281 | D        | Noticed a deep elf knight
  2281 | D        | Noticed a deep elf knight
  2283 | D        | Killed a deep elf knight
  2283 | D        | Reached skill level 10 in Fighting
  2283 | D        | Reached skill level 10 in Conjurations
  2283 | D        | Killed a deep elf mage
  2283 | D        | Reached skill level 10 in Invocations
  2284 | D        | Killed a deep elf knight
  2284 | D        | Reached skill level 15 in Earth Magic
  2285 | D        | Killed a deep elf mage
  2286 | D        | Killed a deep elf mage
  2380 | D        | Noticed a deep elf mage
  2381 | D        | Noticed a deep elf annihilator
  2394 | D        | Noticed a deep elf death mage
  2396 | D        | Killed a deep elf death mage
  2396 | D        | Reached skill level 1 in Hexes
  2397 | D        | Noticed a deep elf blademaster
  2465 | D        | Noticed a deep elf death mage
  2466 | D        | Killed a deep elf death mage
  2467 | D        | Noticed a deep elf mage
  2510 | D        | Noticed a deep elf annihilator
  2762 | D        | Killed a deep elf mage
  2879 | D        | Killed a deep elf mage
  2879 | D        | Killed a deep elf annihilator
  2879 | D        | Reached XP level 12. HP: 120/120 MP: 18/29
  2970 | D        | Killed a deep elf annihilator
  3759 | D        | Slain by a deep elf blademaster

Vault maps used:
D:        dungeon_sprint_mu

Skill      XL: |  1  2  3  4  5  6  7  8  9 10 11 |
---------------+----------------------------------+-----
Earth Magic    | 4 6 7 8 10 11 12 13 14 15 | 15.9
Spellcasting   | 3 4 5 6 8 9 11 12 13 | 13.9
Fighting       | 2 5 6 7 9 11 | 11.2
Conjurations   | 2 5 6 7 9 11 | 11.3
Transmutations | 2 |  2.9
Invocations    | 4 6 7 9 11 | 11.1
Shields        | 2 4 5 6 |  6.0
Hexes          | 3 |  3.9
Dodging        | |  1.5
Stealth        | |  3.0

Action                   |  1- 3 |  4- 6 |  7- 9 | 10-12 || total
-------------------------+-------+-------+-------+-------++-------
Melee: Unarmed           |     4 |       |       |       ||     4
       Short sword       |     2 |       |       |       ||     2
       Long sword        |       |       |       |     1 ||     1
 Cast: Sandblast         |     8 |     8 |     7 |       ||    23
       Passwall          |     2 |       |     1 |     1 ||     4
       Stone Arrow       |       |     3 |    16 |    21 ||    40
       Lee's Rapid Decon |       |     1 |     8 |    56 ||    65
       Petrify           |       |       |       |     1 ||     1
Invok: Slouch            |       |       |     1 |     7 ||     8
       Bend Time         |       |       |       |     1 ||     1
 Abil: Breathe Poison Ga |     3 |       |       |       ||     3
  Use: Potion            |     1 |       |       |     3 ||     4
 Stab: Sleeping          |     1 |       |       |       ||     1
  Eat: Chunk             |       |       |     2 |       ||     2
       Ration            |       |       |       |     2 ||     2
Armor: Robe              |       |       |       |    10 ||    10
Dodge: Dodged            |     7 |     1 |       |     5 ||    13
Block: Buckler           |       |       |     5 |    12 ||    17
       Rpst.: Long sword |       |       |       |     2 ||     2

Table legend:
 A = Spawn XP
 B = Non-spawn XP
 C = Spawn XP percentage of total XP
 D = Spawn monster count
 E = Non-spawn monster count
 F = Spawn count percentage of total count
 G = Total turns spent on level
                    A         B        C        D         E        F      G
               +---------+---------+-------+---------+---------+-------+---------
         Total |       0 |   20600 |   0.0 |       0 |      98 |   0.0 |  3759
               +---------+---------+-------+---------+---------+-------+---------
             D |       0 |   20600 |   0.0 |       0 |      98 |   0.0 |  3759
               +---------+---------+-------+---------+---------+-------+---------
